AoeStats
← ING.PATRICK

Arena

504522756Analyzed
1v1 RM · 28d ago on Sep 5, 2026· 31m 13s· 2 players
Game mode
Random Map
Map size
Tiny (2 player)
Population
200
Speed
Normal
Resources
Standard
Victory
Conquest
Starting age
Dark Age
Ending age
Imperial Age
RankedLock teamsTeams togetherTeam positionsShared explorationLock speedFull tech treeHidden civsTurbo modeCheats
Victory
Defeat
🇵🇪 Teutons · Peru
1118
+17
🇸🇮 Burgundians · Slovenia
1100
-15
TheRustyHammer
10:35 Feudal Age
9:31 Loom
17:09 Castle Age
17:54 Fletching
30:48 Double-Bit Axe
ING.PATRICK
7:08 Loom
9:22 Feudal Age
14:20 Fletching
19:07 Double-Bit Axe
26:07 Castle Age
26:46 Bodkin Arrow
29:07 Scale Barding Armor
30:37 Bloodlines
32:11 Wheelbarrow
Connection lost

Rejoining the realm…

Still unreachable

The connection could not be restored.

Session expired

The server has moved on; the page needs a fresh start.